 Dungeon Crawl Stone Soup version 0.27-a0-1442-g87b6fcb595 (webtiles) character file.

Game seed: 17728733033999969558

35 funkygono the Grasshopper (level 3, -3/31 HPs)
             Began as a Gnoll Warper on July 4, 2021.
             Succumbed to Terence's poison
             ... on level 2 of the Dungeon.
             The game lasted 00:02:22 (1938 turns).

funkygono the Grasshopper (Gnoll Warper)            Turns: 1938, Time: 00:02:22

Health: -3/31      AC:  3    Str: 11    XL:     3   Next: 35%
Magic:  9/9        EV: 12    Int: 12    God:
Gold:   96         SH:  0    Dex: 11    Spells: 10/12 levels left

rFire    . . .     SeeInvis .   a - +0 falchion
rCold    . . .     Faith    .   (no shield)
rNeg     . . .     Spirit   .   b - +0 leather armour
rPois    .         Reflect  .   (no helmet)
rElec    .         Harm     .   (no cloak)
rCorr    .         Rampage  .   (no gloves)
Will     .....                  (no boots)
Stlth    +.........             (no amulet)
HPRegen  0.10/turn              (no ring)
MPRegen  0.11/turn              (no ring)

@: lethally poisoned (-3 -> -28)
A: fangs 1, strong nose, distributed training
a: no special abilities


You were on level 2 of the Dungeon.
You visited 1 branch of the dungeon, and saw 2 of its levels.

You collected 96 gold pieces.

Inventory:

Hand Weapons
 a - a +0 falchion (weapon)
Armour
 b - a +0 leather armour (worn)
 i - a +0 scale mail
Scrolls
 c - a scroll of blinking
 f - a scroll of silence {unknown}
 k - a scroll of immolation {unknown}
Potions
 e - a potion of curing
 g - a potion of mutation {unknown}
 h - a potion of berserk rage
 j - a potion of flight {unknown}
 l - a potion of lignification {unknown}


   Skills:
 + Level 4.5 Fighting
 + Level 0.7 Short Blades
 + Level 4.5 Long Blades
 + Level 0.7 Axes
 + Level 0.7 Maces & Flails
 + Level 0.7 Polearms
 + Level 0.7 Staves
 + Level 0.7 Slings
 + Level 0.7 Bows
 + Level 0.7 Crossbows
 + Level 2.6 Throwing
 + Level 2.6 Armour
 + Level 4.5 Dodging
 + Level 0.7 Stealth
 + Level 0.7 Shields
 + Level 0.7 Unarmed Combat
 + Level 5.0 Spellcasting
 + Level 0.5 Conjurations
 + Level 0.5 Hexes
 + Level 0.5 Summonings
 + Level 0.5 Necromancy
 + Level 5.4 Translocations
 + Level 0.5 Transmutations
 + Level 0.5 Fire Magic
 + Level 0.5 Ice Magic
 + Level 0.5 Air Magic
 + Level 0.5 Earth Magic
 + Level 0.5 Poison Magic
 + Level 0.9 Invocations
 + Level 0.7 Evocations


You had 10 spell levels left.
You knew the following spells:

 Your Spells              Type           Power      Damage    Failure   Level
a - Blink                 Tloc           N/A        N/A       4%          2

Your spell library contained the following spells:

 Spells                   Type           Power      Damage    Failure   Level
 Gell's Gravitas          Tloc           8%         N/A       9%          3
 Lesser Beckoning         Tloc           8%         N/A       9%          3
 Teleport Other           Tloc           16%        N/A       9%          3
 Manifold Assault         Tloc           16%        N/A       61%         5
 Dispersal                Tloc           8%         N/A       99%         6


Dungeon Overview and Level Annotations

Branches:
Dungeon (2/15)

Altars:

Annotations:
D:2 Terence


Innate Abilities, Weirdness & Mutations

You have very sharp teeth.
Your uncanny sense of smell can sniff out nearby items.
Your experience applies equally to all skills.


Message History

a +0 dagger; a goblin corpse Terence is nearby!
Throw: boomerang (disperse)
Press: ? - help, Q - select action, (/) - cycle Shift-Dir - straight line, f - Terence
Aim: Terence, wielding a +1 morningstar of venom and wearing a +0 chain mail (heavily wounded, 67% to hit)
You throw a boomerang of dispersal.
The boomerang of dispersal hits Terence!
Terence blinks!
You now have 96 gold pieces (gained 11).
You see here 9 gold pieces.
Terence drinks a potion.
Terence is healed!
You hit Terence but do no damage.
Terence is heavily wounded.
Terence closely misses you.
You hit Terence but do no damage.
Terence is heavily wounded.
Terence barely misses you.
You riposte.
You hit Terence. You bite Terence, but do no damage.
Terence is heavily wounded.
You barely miss Terence.
Terence is heavily wounded.
Terence hits you with a +1 morningstar of venom!
You are poisoned.
You barely miss Terence.
Terence is heavily wounded.
You feel very sick. Terence closely misses you.
You hit Terence but do no damage.
Terence is heavily wounded.
You feel very sick.
Terence drinks a potion.
Terence is healed!
You closely miss Terence.
Terence is moderately wounded.
You feel very sick.
Terence hits you with a +1 morningstar of venom!
* * * LOW HITPOINT WARNING * * *
You are more poisoned.
You completely miss Terence. You bite Terence, but do no damage.
Terence is moderately wounded.
You die...

#.#..........########
.....###.##....)....#
............####.##.#
.....###.####
#.##.### ##..####.#
#......# ##.....<.#
#..###.# ...#######
#.$# ##.# #..###.#
##.# #@.....# ##.#
### #@##.### ##.# #..
..# .# ##.# #.# ####
. ##.# #.# .. ##.#
#.# ## ##.# #.# ##.#
##.## ∆
##.#######.#.## ∆


You could see Terence.

Vanquished Creatures
  A worm (D:2)
  A dart slug (D:1)
  2 bats (D:1)
  4 endoplasms
  A giant cockroach (D:2)
  3 goblins
  A hobgoblin (D:2)
  4 jackals (D:1)
  A kobold (D:2)
  2 quokkas
  2 ball pythons
  A frilled lizard (D:2)
  3 rats (D:2)
26 creatures vanquished.

Notes
Turn   | Place    | Note
-------+----------+-------------------------------------------
     0 | D:1      | funkygono the Gnoll Warper began the quest for the Orb.
     0 | D:1      | Reached XP level 1. HP: 20/20 MP: 6/6
   121 | D:1      | Reached XP level 2. HP: 5/26 MP: 7/7
   745 | D:1      | Learned a level 2 spell: Blink
   842 | D:1      | Found a faded altar of an unknown god.
  1367 | D:2      | Reached XP level 3. HP: 31/31 MP: 9/9
  1547 | D:2      | Reached skill level 5 in Spellcasting
  1910 | D:2      | Noticed Terence
  1938 | D:2      | Succumbed to Terence's poison

Illustrated notes

Levels and vault maps discovered:
D:1:      mushboom_english_gardens, layout_loops_ring,
          ebering_ecumenical_altar_webs, st_stairs_12
D:2:      layout_loops_ring, uniq_terence

Skill      XL: |  1  2  3 |
---------------+----------+-----
Spellcasting   | 5 |  5.0
Fighting       | |  4.5
Short Blades   | |  0.7
Long Blades    | |  4.5
Axes           | |  0.7
Maces & Flails | |  0.7
Polearms       | |  0.7
Staves         | |  0.7
Slings         | |  0.7
Bows           | |  0.7
Crossbows      | |  0.7
Throwing       | |  2.6
Armour         | |  2.6
Dodging        | |  4.5
Stealth        | |  0.7
Shields        | |  0.7
Unarmed Combat | |  0.7
Conjurations   | |  0.5
Hexes          | |  0.5
Summonings     | |  0.5
Necromancy     | |  0.5
Translocations | |  5.4
Transmutations | |  0.5
Fire Magic     | |  0.5
Ice Magic      | |  0.5
Air Magic      | |  0.5
Earth Magic    | |  0.5
Poison Magic   | |  0.5
Invocations    | |  0.9
Evocations     | |  0.7

Action                   || total
-------------------------++-------
Melee: Falchion          ||   126
       Bite              ||    13
Throw: Boomerang         ||     5
  Use: Scroll            ||     5
 Stab: Sleeping          ||     1
Armor: Leather armour    ||    31
Dodge: Dodged            ||    86
       Rpst.: Falchion   ||    25

Table legend: (Time is in decaauts)
 A = Elapsed time spent in this place.
 B = Non-inter-level travel time spent in this place.
 C = Inter-level travel time spent in this place.
 D = Time resting spent in this place.
 E = Time spent auto-exploring this place.
 F = Levels seen in this place.
 G = Mean time per level.
                   A        B        C        D        E       F      G
               +--------+--------+--------+--------+--------+-----+--------+
         Total |   1947 |   1901 |     46 |      0 |   1608 |   2 |  973.5 |
       Dungeon |   1947 |   1901 |     46 |      0 |   1608 |   2 |  973.5 |
               +--------+--------+--------+--------+--------+-----+--------+

Top non-repeatable levels by time:
     D:1: 1342 daAuts
     D:2: 605 daAuts
